 Dungeon Crawl Stone Soup version 0.16-a0-1276-g18860b1 (webtiles) character file.

6678 Kashira the Summoner (level 11, 0/57 HPs)
             Began as a Tengu Summoner on Oct 13, 2014.
             Was a High Priest of Sif Muna.
             Killed by divine providence
             ... invoked by an orc high priest
              (10 damage)
             ... on level 4 of the Orcish Mines on Oct 14, 2014.
             The game lasted 02:07:21 (12519 turns).

Kashira the Summoner (Tengu Summoner)              Turns: 12519, Time: 02:07:22

Health: 0/57       AC:  9    Str:  8    XL:     11   Next: 3%
Magic:  6/26       EV: 16    Int: 19    God:    Sif Muna [*****.]
Gold:   942        SH:  0    Dex: 15    Spells: 6 memorised, 4 levels left

rFire  + . .     SeeInvis .     f - +0 spear (venom)
rCold  . . .     Clarity  .     I - +3 leather armour {rPois}
rNeg   . . .     SustAb   .     (no shield)
rPois  +         Gourm    +     u - +2 hat
rElec  .         Spirit   .     (no cloak)
rCorr  .         Warding  .     p - +0 pair of gloves
rMut   .         Stasis   .     (boots unavailable)
MR     .....                    e - amulet of the gourmand
Stlth  ++........               E - +5 ring of evasion
                                s - ring of fire

@: not resistant to hostile enchantments, unstealthy
A: able to fly, beak, talons 3, cold resistance 1, placid magic 1
a: Fly, Channel Energy, Forget Spell, Renounce Religion


You were on level 4 of the Orcish Mines.
You worshipped Sif Muna.
Sif Muna was extremely pleased with you.
You were not hungry.

You visited 2 branches of the dungeon, and saw 15 of its levels.
You also visited: Ossuary.

You collected 942 gold pieces.

Inventory:

Hand weapons
 f - a +0 spear of venom (weapon)
Missiles
 Q - 5 javelins (quivered)
Armour
 k - a +2 leather armour of cold resistance
 p - a +0 pair of gloves (worn)
 u - a +2 hat (worn)
 I - a +3 leather armour of poison resistance (worn)
 J - a +2 robe of magic resistance
Jewellery
 e - an amulet of the gourmand (around neck)
 i - an uncursed ring of flight
 s - a ring of fire (left hand)
 E - a +5 ring of evasion (right hand)
 H - an uncursed ring of teleportation
Magical devices
 t - a wand of lightning (0)
Scrolls
 d - a scroll of vulnerability
 n - 2 scrolls of remove curse
 q - a scroll of random uselessness
 K - a scroll of immolation
 M - 2 scrolls of noise {unknown}
 N - a scroll of amnesia
Potions
 a - a potion of restore abilities {unknown}
 h - a potion of invisibility {unknown}
 j - 3 potions of cancellation
 l - a potion of brilliance {unknown}
 m - a potion of magic
 r - a potion of lignification {unknown}
 x - 2 potions of poison {unknown}
 z - a potion of berserk rage {unknown}
 A - a potion of flight {unknown}
 C - 2 potions of beneficial mutation {unknown}
 D - a potion of agility {unknown}
 L - 2 potions of might
 O - a potion of confusion {unknown}
Books
 b - a book of Callings

   Spells                             Type                      Level
   *Summon Small Mammal               Summoning                    1
   *Call Imp                          Summoning                    2
   *Call Canine Familiar              Summoning                    3
   *Summon Guardian Golem             Hexes/Summoning              4
   *Summon Lightning Spire            Summoning/Air                4
   *Summon Ice Beast                  Ice/Summoning                4
Comestibles
 c - 4 bread rations
 g - 2 meat rations
 o - 2 royal jellies
 F - 2 beef jerkies
 G - a slice of pizza


   Skills:
 * Level 2.2 Fighting
 - Level 1.8 Polearms
 - Level 2.8 Dodging
 - Level 3.0 Stealth
 - Level 6.1 Spellcasting
 - Level 4.0 Hexes
 + Level 10.7 Summonings
 - Level 2.5 Ice Magic
 - Level 8.5 Air Magic
 - Level 7.3 Invocations


You had 4 spell levels left.
You knew the following spells:

 Your Spells              Type           Power        Failure   Level  Hunger
a - Summon Small Mammal   Summ           ####         1%          1    None
b - Call Imp              Summ           ####....     1%          2    None
c - Call Canine Familiar  Summ           ####....     1%          3    ##.....
d - Summon Lightning Spi  Summ/Air       ####....     1%          4    ####...
e - Summon Ice Beast      Ice/Summ       ##......     4%          4    ####...
f - Summon Guardian Gole  Hex/Summ       ###.....     3%          4    ####...


Dungeon Overview and Level Annotations

Branches:
Dungeon (11/15)            Temple (0/1) D:5             Orc (4/4) D:10
    Elf: Orc:3-4       Lair: D:8-11

Altars:
Dithmenos
Makhleb
Nemelex Xobeh
Ru
Sif Muna
Trog
Vehumet
Xom
Beogh

Shops:
Orc:4 (%

Annotations:
D:8 TAS2012's ghost, experienced MiFi
Orc:3 Urug


Innate Abilities, Weirdness & Mutations

You can fly.
You have a beak for a mouth.
You have claws for feet.
Your flesh is cold resistant.
Your spells are a little easier to cast, but a little less powerful.


Message History

Confirm with . or Enter, or press ? or * to list all spells.
Aiming: Summon Lightning Spire
Press: ? - help, Dir - move target cursor, p - orc high priest An electric hum fills the air.
The orc high priest invokes the aid of Beogh against you.
Something smites you!
Your white imp barely misses the orc high priest.
Casting: Summon Lightning Spire
Confirm with . or Enter, or press ? or * to list all spells.
A guardian golem appears, shielding your allies.
The orc high priest mumbles some strange prayers to Beogh against you.
Something smites you!
* * * LOW HITPOINT WARNING * * *
Your white imp hits the orc high priest.
Your white imp freezes the orc high priest.
The soul eater hits your white imp!
Your white imp dies!
The orc high priest mumbles some strange prayers to Beogh against you.
Something smites you!
You die...

###)##......#.........o......##.o
#...............#####.......##.o.
.........#.....## #......#...o
#.###...#......# #......'...8 ##
##.###.....# .o #5.# #... ##....#
)# ##3## ##.## ##.#.## ##.# #..##
### ###..#####3o# ##).###
#..@..8...# ##.o.. ###8..4..##
##### ##.##.## ######


You could see a soul eater, an orc high priest, a rust devil, a friendly
guardian golem and a friendly lightning spire.

Vanquished Creatures
  A troll (Orc:3)
  The ghost of Leibowitz the Ducker, an average MfAs (D:5)
  A hippogriff (D:5)
  2 sky beasts (D:5)
  2 black bears
  2 ogres
  A centaur (D:8)
  2 scorpions
  Dowan (D:5)
  A crimson imp (D:6)
  2 orc wizards
  A hound (D:10)
  An iguana (D:6)
  3 worker ants
  A sky beast zombie (D:5)
  2 adders
  An orc skeleton (D:5)
  A shadow imp (D:7)
  3 worms (D:2)
  An adder zombie (Ossuary)
  2 giant geckos
  13 orcs
  A ball python (D:2)
  5 bats
  4 giant cockroaches
  3 goblins
  8 hobgoblins
  2 jackals (D:2)
  7 kobolds
  A quokka (D:2)
  5 giant newts
  2 hobgoblin zombies (Ossuary)
  A kobold zombie (Ossuary)
  6 orc zombies (Ossuary)
  9 rats
99 creatures vanquished.

Vanquished Creatures (collateral kills)
  Gastronok (Orc:3)
  A centaur warrior (D:10)
  An orc high priest (Orc:4)
  2 hill giants (D:10)
  2 red devils (Orc:4)
  A troll (Orc:3)
  Prince Ribbit (D:7)
  The ghost of ztt the Skirmisher, an average VSBe of Trog (D:7)
  A deep elf mage (D:9)
  Eustachio (D:7)
  A vampire mosquito (D:10)
  3 wargs
  18 orc warriors
  8 ice beasts
  4 ogres
  4 centaurs
  Duvessa (D:5)
  A crocodile (D:10)
  An elf zombie (Ossuary)
  A gnoll sergeant (D:10)
  7 giant frogs
  4 killer bees (D:9)
  A troll skeleton (D:10)
  4 crimson imps
  4 hounds
  3 human zombies (Ossuary)
  22 orc priests
  4 jellies
  2 centaur skeletons (D:6)
  Natasha (twice) (D:3)
  An iguana (D:4)
  20 orc wizards
  5 worker ants
  A big kobold zombie (Ossuary)
  An ogre zombie (D:6)
  3 mummies
  9 adders
  3 gnolls (D:10)
  A green rat (D:7)
  2 adder zombies (Ossuary)
  A giant gecko (D:6)
  2 oozes
  109 orcs
  A bat (D:9)
  2 bat skeletons (D:7)
  10 hobgoblins
  5 jackals
  5 kobolds
  5 quokkas
  8 goblins
  8 hobgoblin zombies (Ossuary)
  3 jackal zombies (Ossuary)
  3 kobold zombies (Ossuary)
  2 orc skeletons
  5 orc zombies (Ossuary)
  4 rats
  A rat skeleton (D:5)
327 creatures vanquished.

Vanquished Creatures (others)
  A sixfirhy (Orc:4)
  12 guardian golems
  16 ice beasts
  28 crimson imps
  57 hounds
  An iron imp (D:10)
  20 lightning spires
  9 shadow imps
  16 white imps
  3 quokkas (D:2)
  A butterfly (D:7)
164 creatures vanquished.

Grand Total: 590 creatures vanquished

Notes
Turn   | Place    | Note
--------------------------------------------------------------
     0 | D:1      | Kashira, the Tengu Summoner, began the quest for the Orb.
     0 | D:1      | Reached XP level 1. HP: 10/10 MP: 3/3
   114 | D:1      | Reached skill level 5 in Summonings
   332 | D:2      | Reached XP level 2. HP: 15/15 MP: 1/5
   478 | D:2      | Reached XP level 3. HP: 13/19 MP: 7/7
   767 | D:3      | Learned a level 2 spell: Call Imp
   771 | D:3      | Learned a level 3 spell: Call Canine Familiar
   939 | D:3      | Reached skill level 6 in Summonings
   939 | D:3      | Reached XP level 4. HP: 22/24 MP: 1/9
  1049 | D:3      | Noticed Natasha
  1058 | D:3      | Killed Natasha
  1067 | D:3      | Reached XP level 5. HP: 28/28 MP: 9/11
  1135 | D:3      | Noticed Natasha
  1135 | D:3      | Found a deep blue altar of Sif Muna.
  1145 | D:3      | Killed Natasha
  1163 | D:3      | Became a worshipper of Sif Muna the Loreminder
  1664 | D:4      | Noticed an ogre
  1680 | D:4      | Killed an ogre
  1680 | D:4      | Reached skill level 1 in Polearms
  1680 | D:4      | Reached XP level 6. HP: 33/33 MP: 3/15
  1807 | D:4      | Reached skill level 1 in Fighting
  1840 | D:4      | Noticed a phantom
  1856 | D:5      | Entered Level 5 of the Dungeon
  1899 | D:5      | Found a sand-covered staircase.
  1903 | Ossuary  | Entered an ossuary
  1992 | Ossuary  | Reached skill level 7 in Summonings
  2299 | D:5      | Noticed Leibowitz's ghost (average MfAs)
  2310 | D:5      | Reached XP level 7. HP: 15/38 MP: 1/18
  2590 | D:5      | Found a staircase to the Ecumenical Temple.
  2648 | D:5      | Acquired Sif Muna's first power
  2701 | D:5      | Noticed a hippogriff
  2710 | D:5      | Killed a hippogriff
  2829 | D:5      | Killed Leibowitz's ghost
  2829 | D:5      | Reached skill level 8 in Summonings
  2837 | D:5      | Learned a level 4 spell: Summon Lightning Spire
  2842 | D:5      | Learned a level 4 spell: Summon Ice Beast
  2883 | D:5      | Reached skill level 1 in Air Magic
  2966 | D:5      | Reached XP level 8. HP: 43/43 MP: 20/20
  2974 | D:5      | Gained mutation: Your spells are a little easier to cast, but a little less powerful. [mutagenic meat]
  2975 | D:5      | Gained mutation: Your flesh is cold resistant. [mutagenic meat]
  3073 | D:5      | Noticed Dowan
  3084 | D:5      | Noticed Duvessa
  3108 | D:5      | Killed Dowan
  3111 | D:5      | Killed Duvessa
  3111 | D:5      | Reached skill level 5 in Air Magic
  3194 | D:6      | Acquired Sif Muna's second power
  3243 | D:6      | Found a bloodstained altar of Trog.
  3318 | D:5      | Upgraded the game from 0.16-a0-1243-g6e0463c to 0.16-a0-1276-g18860b1
  4341 | D:7      | Reached skill level 1 in Invocations
  4357 | D:7      | Noticed Prince Ribbit
  4360 | D:7      | Noticed Eustachio
  4788 | D:7      | Killed Eustachio
  4788 | D:7      | Reached XP level 9. HP: 26/47 MP: 2/21
  4800 | D:7      | Killed Prince Ribbit
  4845 | D:7      | Noticed ztt's ghost (average VSBe)
  4857 | D:7      | Killed ztt's ghost
  5596 | D:8      | Noticed TAS2012's ghost (experienced MiFi)
  5755 | D:9      | Reached skill level 5 in Invocations
  5887 | D:9      | Found a sacrificial altar of Ru.
  5892 | D:9      | Found a radiant altar of Vehumet.
  5903 | D:9      | Found a shadowy altar of Dithmenos.
  6720 | D:8      | Found a shimmering altar of Xom.
  6721 | D:8      | Found a burning altar of Makhleb.
  7073 | D:9      | Found a sparkling altar of Nemelex Xobeh.
  7164 | D:10     | Entered Level 10 of the Dungeon
  7452 | D:10     | Got an ancient golden amulet
  7498 | D:10     | Noticed a centaur warrior
  7548 | D:10     | Noticed a hill giant
  7640 | D:10     | Killed a hill giant
  7640 | D:10     | Reached skill level 9 in Summonings
  7640 | D:10     | Reached XP level 10. HP: 35/53 MP: 2/22
  7718 | D:10     | HP: 1/53 [gnoll sergeant/wand of lightning (24)]
  8325 | D:10     | Noticed a hill giant
  8423 | D:10     | Killed a hill giant
  8423 | D:10     | Reached skill level 5 in Spellcasting
  8527 | D:9      | Identified the amulet of Veod {Inacc Dex+1} (You found it on level 10 of the Dungeon)
  8755 | D:11     | Noticed a cyclops
  9172 | D:10     | Found a staircase to the Orcish Mines.
  9226 | D:10     | Killed a centaur warrior
  9234 | D:10     | Learned a level 4 spell: Summon Guardian Golem
  9285 | Orc:1    | Entered Level 1 of the Orcish Mines
  9693 | Orc:3    | Reached skill level 1 in Hexes
  9759 | Orc:3    | Noticed Urug
 10329 | Orc:3    | Noticed Gastronok
 10540 | Orc:4    | Entered Level 4 of the Orcish Mines
 10603 | Orc:4    | Found a roughly hewn altar of Beogh.
 10603 | Orc:4    | Found Veloa's Weapon Boutique.
 10603 | Orc:4    | Noticed an orc high priest
 10608 | Orc:4    | Noticed a rust devil
 10847 | Orc:3    | Killed Gastronok
 10847 | Orc:3    | Acquired Sif Muna's third power
 11076 | Orc:4    | Noticed an orc sorcerer
 11084 | Orc:4    | Noticed an orc knight
 11152 | Orc:3    | Reached skill level 1 in Ice Magic
 11198 | Orc:4    | Killed an orc high priest
 11417 | Orc:4    | Reached skill level 10 in Summonings
 11483 | Orc:4    | Reached XP level 11. HP: 45/57 MP: 21/26
 11487 | Orc:4    | Noticed an orc warlord
 12040 | Orc:4    | Found a roughly hewn altar of Beogh.
 12040 | Orc:4    | Found Ghimits' Food Shop.
 12040 | Orc:4    | Noticed an orc high priest
 12091 | Orc:4    | HP: 1/57 [sixfirhy[an orc high priest] (8)]
 12507 | Orc:4    | Noticed a soul eater
 12519 | Orc:4    | Killed from afar by an orc high priest

Action                   |  1- 3 |  4- 6 |  7- 9 | 10-12 || total
-------------------------+-------+-------+-------+-------++-------
Melee: Spear             |    60 |   128 |   239 |    34 ||   461
       Unarmed           |     4 |       |       |       ||     4
Throw: Throwing net      |       |       |     1 |       ||     1
 Cast: Summon Small Mamm |    17 |       |       |       ||    17
       Call Imp          |     2 |    40 |   137 |    42 ||   221
       Call Canine Famil |     1 |    16 |    68 |    43 ||   128
       Summon Lightning  |       |       |    52 |    67 ||   119
       Summon Ice Beast  |       |       |     2 |    78 ||    80
       Summon Guardian G |       |       |       |    41 ||    41
Invok: Channel Energy    |       |       |    41 |   198 ||   239
 Abil: Fly               |       |       |       |     2 ||     2
Evoke: Deck              |       |       |     6 |       ||     6
  Use: Scroll            |       |     5 |    13 |     5 ||    23
       Potion            |       |       |     8 |     5 ||    13
 Stab: Sleeping          |     1 |     5 |     8 |     1 ||    15
       Distracted        |       |     3 |     3 |       ||     6
  Eat: Chunk             |       |    17 |    39 |    70 ||   126
